 Dungeon Crawl Stone Soup version 0.28-a0-313-gbc0475efdd (webtiles) character file.

Game seed: 4733286653811284993

463 Phlounder the Magician (level 7, -2/49 HPs)
             Began as a Djinni Wanderer on Aug 31, 2021.
             Slain by Menkaure (23 damage)
             ... on level 4 of the Dungeon.
             The game lasted 00:15:15 (4331 turns).

Phlounder the Magician (Djinni Wanderer)            Turns: 4331, Time: 00:15:16

Health: -2/49      AC:  3    Str: 13    XL:     7   Next: 29%
Gold:   108        EV: 12    Int: 15    God:
                   SH:  0    Dex: 11

rFire   + + .      SeeInvis .   r - +5 long sword (holy)
rCold   x . .      Faith    .   (no shield)
rNeg    . . .      Spirit   .   c - +0 robe
rPois   ∞          Reflect  .   (no helmet)
rElec   .          Harm     .   (no cloak)
rCorr   .          Rampage  .   s - +0 pair of gloves
Will    .....                   (boots unavailable)
Stlth   +.........              (no amulet)
HPRegen 0.16/turn               (no ring)
MPRegen 0.00/turn               (no ring)

@: flying
A: sickness immunity, fire resistance 2, cold vulnerability 1, float, innate
caster, hp casting, extra vitality 1
a: no special abilities


You were on level 4 of the Dungeon.
You visited 1 branch of the dungeon, and saw 4 of its levels.

You collected 108 gold pieces.

Inventory:

Hand Weapons
 a - a +0 mace
 r - a +5 long sword of holy wrath (weapon)
Missiles
 e - 167 stones
 p - 3 throwing nets
Armour
 c - a +0 robe (worn)
 s - a +0 pair of gloves (worn)
Wands
 t - a wand of flame (17)
Scrolls
 h - a scroll of teleportation {unknown}
 j - a scroll of holy word {unknown}
 k - a scroll of blinking {unknown}
 n - a scroll of vulnerability {unknown}
 q - a scroll of noise {unknown}
 v - a scroll of acquirement {unknown}
Potions
 b - 2 potions of curing
 f - a potion of heal wounds
 m - a potion of ambrosia {unknown}
 o - a potion of degeneration {unknown}
 u - a potion of brilliance {unknown}


   Skills:
 * Level 2.0 Fighting
 + Level 0.3 Long Blades
 + Level 1.6 Maces & Flails
 + Level 1.0 Throwing
 * Level 2.4 Armour
 * Level 2.0 Dodging
 + Level 0.6 Stealth
 * Level 6.0 Spellcasting
 + Level 1.0 Evocations


You couldn't memorise any spells.
You knew the following spells:

 Your Spells              Type           Power      Damage    Failure   Level
a - Magic Dart            Conj           88%        1d7       1%          1
b - Blink                 Tloc           N/A        N/A       1%          2
c - Call Imp              Summ           22%        N/A       1%          2
d - Slow                  Hex            22%        N/A       1%          2
e - Conjure Flame         Conj/Fire      22%        6-21      3%          3
f - Mephitic Cloud        Conj/Pois/Air  22%        N/A       3%          3
g - Freeze                Ice            88%        1d10      1%          1
h - Poisonous Vapours     Pois/Air       44%        N/A       1%          2
i - Tukima's Dance        Hex            22%        N/A       3%          3

Your spell library contained the following spells:

 Spells                   Type           Power      Damage    Failure   Level


Dungeon Overview and Level Annotations

Branches:
Dungeon (4/15)
 Temple: D:4-7

Altars:
Ashenzari
Cheibriados
Hepliaklqana
Nemelex Xobeh
Wu Jian
The Shining One

Annotations:
D:4 Menkaure


Innate Abilities, Weirdness & Mutations

You are immune to sickness and miasma.
You are immune to poison.
Your flesh is very heat resistant. (rF++)
You are vulnerable to cold. (rC-)
You float through the air rather than walking.
You learn spells naturally, not from books.
Your magical power is your life essence.
You have superior vitality. (+4 HP)


Message History

You destroy the bullfrog skeleton!
FTG82's ghost hits you but does no damage.
You have reached level 7!
The power to cast Tukima's Dance wells up from within.
Spell assigned to 'i'.
You slash FTG82's ghost!
FTG82's ghost convulses!
FTG82's ghost is almost destroyed.
FTG82's ghost hits you.
FTG82's ghost hits you but does no damage.
You slash FTG82's ghost!
You destroy FTG82's ghost!
The killer bee zombie barely misses you.
Your Fighting skill increases to level 2!
Your Dodging skill increases to level 2!
You slice the killer bee zombie!!
The killer bee zombie convulses!
You destroy the killer bee zombie!
Your Spellcasting skill increases to level 6!
There is an open translucent gate here.
You now have 108 gold pieces (gained 13).
You feel a little less mighty now.
Done exploring.
There is an open translucent gate here.
There is a stone staircase leading down here.
You fly downwards.
You hear the sound of rushing water.
There is an entrance to a sewer on this level.
Hurry and find it before the portal rusts away!
There is a stone staircase leading up here.
Menkaure shouts!
Menkaure mumbles some strange words.
Menkaure seems to speed up.
You hit Menkaure.
Menkaure convulses.
Menkaure is moderately damaged.
Menkaure casts a spell at you. Pain shoots through your body!
Menkaure calls on the powers of darkness!
Your body is wracked with pain!
You barely miss Menkaure.
Menkaure is moderately damaged.
Menkaure hits you!!
You die...

##### ...#
...#
#######..##
..........##
#.<...#
#.....###
#@........
#M....####
#.....#
##.#### #.#
#.# .# ..


You could see Menkaure (fast).

Vanquished Creatures
  An ogre (D:3)
  The ghost of FTG82 the Firebug, an amateur DgFE (D:3)
  An orc priest (D:3)
  A bullfrog skeleton (D:3)
  2 orc wizards (D:3)
  A killer bee zombie (D:3)
  5 gnolls (D:2)
  A worm (D:3)
  A dart slug (D:3)
  6 orcs (D:3)
  7 bats
  11 endoplasms
  2 giant cockroaches
  5 goblins
  4 hobgoblins
  4 jackals (D:1)
  10 kobolds
  4 quokkas
  9 ball pythons
  2 frilled lizards (D:1)
  3 rats
  A spectral kobold (D:3)
82 creatures vanquished.

Vanquished Creatures (collateral kills)
  2 gnolls (D:2)
  An adder (D:2)
  A giant cockroach (D:1)
  A goblin (D:1)
  A hobgoblin (D:2)
  A quokka (D:1)
  A ball python (D:1)
8 creatures vanquished.

Grand Total: 90 creatures vanquished

Notes
Turn   | Place    | Note
-------+----------+-------------------------------------------
     0 | D:1      | Phlounder the Djinni Wanderer began the quest for the Orb.
     0 | D:1      | Reached XP level 1. HP: 17/17 MP: 0/0
    19 | D:1      | Reached XP level 2. HP: 7/22 MP: 0/0
   426 | D:1      | Reached XP level 3. HP: 7/27 MP: 0/0
   426 | D:1      | Learned a level 1 spell: Freeze
   967 | D:1      | Found a faded altar of an unknown god.
  1549 | D:2      | Reached XP level 4. HP: 28/32 MP: 0/0
  1601 | D:2      | Reached skill level 1 in Armour
  1606 | D:2      | Reached skill level 1 in Dodging
  1609 | D:2      | Reached skill level 5 in Spellcasting
  1609 | D:2      | Reached XP level 5. HP: 10/37 MP: 0/0
  1609 | D:2      | Learned a level 2 spell: Poisonous Vapours
  2647 | D:3      | Found a runed translucent gate.
  2647 | D:3      | Found a runed translucent gate.
  2648 | D:3      | Found a runed translucent gate.
  2650 | D:3      | Noticed FTG82's ghost (amateur DgFE)
  2833 | D:3      | Found a snail-covered altar of Cheibriados.
  2964 | D:3      | Found a hazy altar of Hepliaklqana.
  3051 | D:3      | Found a sparkling altar of Nemelex Xobeh.
  3167 | D:3      | Found an ornate altar of the Wu Jian Council.
  3167 | D:3      | Found a broken altar of Ashenzari.
  3230 | D:3      | Found a glowing golden altar of the Shining One.
  3596 | D:3      | Reached XP level 6. HP: 36/42 MP: 0/0
  3781 | D:3      | Noticed an ogre
  3789 | D:3      | Killed an ogre
  4226 | D:3      | Reached XP level 7. HP: 39/48 MP: 0/0
  4226 | D:3      | Learned a level 3 spell: Tukima's Dance
  4227 | D:3      | Killed FTG82's ghost
  4229 | D:3      | Reached skill level 6 in Spellcasting
  4327 | D:4      | Noticed Menkaure
  4331 | D:4      | Slain by Menkaure

Illustrated notes

Levels and vault maps discovered:
D:1:      scummos_arrival_forest, layout_rooms,
          hellmonk_ecumenical_altar_zigzags, minmay_misc_feat_pillars
D:2:      layout_basic, kennysheep_generic_room_11
D:3:      kennysheep_big_flooded_room, layout_rooms, mainiacjoe_overflow_paths,
          slow_altar_1, nicolae_hepliaklqana_monster_ancestors,
          gammafunk_temple_overflow_pools, nicolae_tso_swordbearing_angel,
          gammafunk_ghost_necromancy, minmay_misc_feat_four_crosses
D:4:      layout_loops_ring, kennysheep_little_box,
          cheibrodos_sewer_entry_drain, uniq_duvessa, uniq_edmund,
          uniq_menkaure, uniq_ijyb

Skill      XL: |  1  2  3  4  5  6  7 |
---------------+----------------------+-----
Armour         | 1 2 |  2.4
Dodging        | 1 2 |  2.0
Spellcasting   | 5 6 |  6.0
Fighting       | 2 |  2.0
Long Blades    | |  0.3
Maces & Flails | |  1.6
Throwing       | |  1.0
Stealth        | |  0.6
Evocations     | |  1.0

Action                   |  1- 3 |  4- 6 |  7- 9 || total
-------------------------+-------+-------+-------++-------
Melee: Mace              |    11 |     1 |       ||    12
       Long sword        |       |    16 |     5 ||    21
 Cast: Magic Dart        |    79 |    66 |       ||   145
       Call Imp          |     2 |     2 |       ||     4
       Freeze            |     1 |    20 |       ||    21
       Poisonous Vapours |       |    20 |       ||    20
       Mephitic Cloud    |       |     5 |       ||     5
       Conjure Flame     |       |     4 |       ||     4
  Use: Potion            |       |     3 |       ||     3
       Scroll            |       |     6 |       ||     6
 Stab: Confused          |       |     1 |       ||     1
Armor: Robe              |     8 |    11 |     1 ||    20
Dodge: Dodged            |    13 |    17 |     1 ||    31

Table legend: (Time is in decaauts)
 A = Elapsed time spent in this place.
 B = Non-inter-level travel time spent in this place.
 C = Inter-level travel time spent in this place.
 D = Time resting spent in this place.
 E = Time spent auto-exploring this place.
 F = Levels seen in this place.
 G = Mean time per level.
                   A        B        C        D        E       F      G
               +--------+--------+--------+--------+--------+-----+--------+
         Total |   4342 |   4297 |     45 |    192 |   3629 |   4 | 1085.5 |
       Dungeon |   4342 |   4297 |     45 |    192 |   3629 |   4 | 1085.5 |
               +--------+--------+--------+--------+--------+-----+--------+

Top non-repeatable levels by time:
     D:3: 1562 daAuts
     D:2: 1396 daAuts
     D:1: 1379 daAuts
     D:4: 4 daAuts
